 Dungeon Crawl Stone Soup version 0.30-a0-368-g86fb4627a9 (webtiles) character file.

Game seed: 15011689406280937924

1247 Morninglord the Covered (level 8, -1/51 HPs)
             Began as a Tengu Fighter on Nov 20, 2022.
             Slain by a phantom (3 damage)
             ... on level 5 of the Dungeon.
             The game lasted 00:13:28 (3699 turns).

Morninglord the Covered (Tengu Fighter)             Turns: 3699, Time: 00:13:29

Health: -1/51      AC: 12    Str: 19    XL:     8   Next: 50%
Magic:  9/9        EV:  6    Int:  8    God:
Gold:   288        SH:  5    Dex: 14    Spells: 7/7 levels left

rFire   + . .      SeeInvis .    a - +1 war axe
rCold   . . .      Faith    .    c - +0 buckler
rNeg    . . .      Spirit   .    q - +0 plate armour
rPois   +          Reflect  .    (helmet restricted)
rElec   .          Harm     .    (no cloak)
rCorr   .          Rampage  .    (no gloves)
Will    .....                    (boots unavailable)
Stlth   ..........               (no amulet)
HPRegen 0.28/turn                k - ring of protection from fire
MPRegen 0.11/turn                l - ring of poison resistance

@: flying quickly and evasively, quick
A: beak, talons 3, nimble flight
a: no special abilities


You were on level 5 of the Dungeon.
You visited 1 branch of the dungeon, and saw 5 of its levels.

You collected 288 gold pieces.

Inventory:

Hand Weapons
 a - a +1 war axe (weapon)
Missiles
 i - a throwing net (quivered)
 n - 5 curare-tipped darts
Armour
 c - a +0 buckler (worn)
 q - a +0 plate armour (worn)
 s - a +2 scale mail of willpower
Magical Staves
 m - a staff of conjuration
Jewellery
 k - a ring of protection from fire (left hand)
 l - a ring of poison resistance (right hand)
Wands
 t - a wand of flame (3)
Scrolls
 h - 2 scrolls of blinking
 r - 3 scrolls of identify
 u - a scroll of fog {unknown}
 v - 2 scrolls of enchant armour {unknown}
 x - a scroll of magic mapping
Potions
 b - 3 potions of brilliance {unknown}
 d - 2 potions of might
 e - 3 potions of lignification
 f - a potion of flight {unknown}
 g - 3 potions of curing
 j - 2 potions of mutation {unknown}
 p - a potion of invisibility {unknown}
 w - a potion of attraction {unknown}


   Skills:
 + Level 5.8 Fighting
 + Level 5.8 Axes
 + Level 6.3 Armour
 + Level 5.7 Shields


You had 7 spell levels left.
You didn't know any spells.
Your spell library contained the following spells:

 Spells                   Type           Power      Damage    Failure   Level
 Frozen Ramparts          Ice            0%         1d1       100%        3
 Ice Form                 Ice/Tmut       0%         N/A       100%        4
 Summon Ice Beast         Ice/Summ       0%         N/A       100%        4


Dungeon Overview and Level Annotations

Branches:
Dungeon (5/15)
 Temple: D:4-7

Altars:
Vehumet
Yredelemnul


Innate Abilities, Weirdness & Mutations

You have a beak for a mouth.
You have claws for feet.
Your magical nature lets you fly swiftly and evasively.


Message History

You peck the phantom, but do no damage.
The phantom is moderately damaged.
The phantom hits you.
The phantom blinks!
You blink.
An orc wizard comes into view. It is wielding a +0 dagger.
The orc shouts!
The orc wizard shouts!
You slash the orc wizard! Your kick misses the orc wizard.
Your peck misses the orc wizard.
The orc wizard is severely wounded.
You hit the phantom.
The phantom hits you but does no damage.
The orc wizard hits you with a +0 dagger.
You block the orc wizard's attack.
The ogre hits you with a +0 giant club!!
The phantom hits you.
You slash the orc wizard!
You kill the orc wizard!
You hit the phantom but do no damage. You closely miss the orc wizard.
You slash the ogre! The phantom barely misses you.
The orc wizard points at you and mumbles some strange words.
You resist with some effort. You block the ogre's attack.
The orc wizard casts a spell at you.
You are confused.
You hit the phantom.
The phantom is moderately damaged.
You slash the ogre! The ogre hits you with a +0 giant club!
* * * LOW HITPOINT WARNING * * *
The phantom hits you but does no damage.
You are too confused!
You closely miss the ogre. You claw the ogre, but do no damage.
The ogre is severely wounded.
You barely miss the phantom. You miss the orc. The ogre closely misses you.
The phantom hits you.
* * * LOW HITPOINT WARNING * * *
You feel less confused.
As you read the scroll of fear, it crumbles to dust.
You assume a fearsome visage.
The orc looks frightened!
The orc wizard looks frightened!
The ogre looks frightened!
The phantom is unaffected.
The phantom hits you.
You die...

.........##.####.#.#..#.#...#.#
..#._.#..##.# #..#.#...........
.........##.###..#<##.#.#......
....#...###......####.....#####
........########## #######
.......ยง.#
..##########.###############
..........W................#
.........O.@....)..........#
.......)..o................#
.#.........o...............#
...........................#
.#.........................#
...........................#
.#.....#.#.................#
............................
......#.#..................


You could see an ogre (fleeing), a phantom, an orc wizard (fleeing) and an orc
(fleeing).

Vanquished Creatures
  Grinder (D:4)
  Sigmund (D:3)
  A wyvern (D:5)
  An ogre (D:5)
  A phantom (D:4)
  A necrophage (D:4)
  A scorpion (D:4)
  2 howler monkeys (D:5)
  A hound (D:5)
  A jelly (D:4)
  A gnoll bouda (D:4)
  An iguana (D:4)
  Jessica (D:2)
  2 orc wizards (D:5)
  6 adders
  4 gnolls (D:4)
  2 worms
  3 dart slugs
  11 orcs
  6 ball pythons
  5 bats
  11 endoplasms
  3 giant cockroaches
  7 goblins
  9 hobgoblins
  7 jackals
  6 kobolds
  4 quokkas
  4 frilled lizards
  A rat (D:2)
105 creatures vanquished.

Notes
Turn   | Place    | Note
-------+----------+-------------------------------------------
     0 | D:1      | Morninglord the Tengu Fighter began the quest for the Orb.
     0 | D:1      | Reached XP level 1. HP: 14/14 MP: 2/2
    19 | D:1      | You fall into a shaft and drop 1 floor!
    20 | D:2      | Noticed Jessica
    26 | D:2      | Killed Jessica
    27 | D:2      | Reached XP level 2. HP: 19/19 MP: 3/3
    27 | D:2      | Reached XP level 3. HP: 23/23 MP: 4/4
   260 | D:2      | Reached XP level 4. HP: 25/28 MP: 5/5
   362 | D:2      | Reached skill level 4 in Armour
   496 | D:2      | Found a basalt altar of Yredelemnul.
   999 | D:1      | Gained mutation: Your magical nature lets you fly swiftly
                  | and evasively. [Tengu growth]
   999 | D:1      | Reached XP level 5. HP: 33/33 MP: 6/6
  1615 | D:3      | Noticed Sigmund
  1620 | D:3      | Killed Sigmund
  1621 | D:3      | Reached XP level 6. HP: 38/38 MP: 7/7
  2015 | D:4      | Noticed Grinder
  2076 | D:4      | Killed Grinder
  2077 | D:4      | Reached skill level 5 in Armour
  2077 | D:4      | Reached XP level 7. HP: 12/44 MP: 8/8
  2428 | D:4      | Reached skill level 5 in Fighting
  2428 | D:4      | Reached skill level 5 in Shields
  2625 | D:4      | Reached skill level 5 in Axes
  2905 | D:4      | Reached XP level 8. HP: 16/49 MP: 9/9
  3320 | D:5      | Entered Level 5 of the Dungeon
  3338 | D:5      | Found a radiant altar of Vehumet.
  3488 | D:5      | Noticed a wyvern
  3503 | D:5      | Killed a wyvern
  3504 | D:5      | Reached skill level 6 in Armour
  3697 | D:5      | HP: 1/51 [phantom (5)]
  3699 | D:5      | Slain by a phantom

Illustrated notes

Levels and vault maps discovered:
D:1:      lightli_iron_boxes, layout_basic
D:2:      layout_basic, basic_altar, minmay_box_of_dots, uniq_jessica
D:3:      layout_loops_ring, uniq_sigmund
D:4:      minmay_thinvault, layout_basic, uniq_grinder
D:5:      layout_basic, vehumet_altar_wand_db, serial_glass, glass_columns_a,
          glass_columns_b, glass_columns_a, glass_columns_b

Skill      XL: |  1  2  3  4  5  6  7  8 |
---------------+-------------------------+-----
Axes           | 3 4 5 |  5.8
Armour         | 4 5 6 |  6.3
Fighting       | 4 5 |  5.8
Shields        | 4 5 |  5.7

Action                   |  1- 3 |  4- 6 |  7- 9 || total
-------------------------+-------+-------+-------++-------
Melee: War axe           |    27 |    96 |   122 ||   245
       Kick              |     5 |    23 |    31 ||    59
       Peck              |     4 |    11 |    16 ||    31
  Use: Scroll            |       |    10 |     2 ||    12
Armor: Scale mail        |    12 |    42 |    12 ||    66
       Plate armour      |       |       |    43 ||    43
Dodge: Dodged            |     8 |    39 |    32 ||    79
Block: Buckler           |     8 |    24 |    30 ||    62

Table legend: (Time is in decaauts)
 A = Elapsed time spent in this place.
 B = Non-inter-level travel time spent in this place.
 C = Inter-level travel time spent in this place.
 D = Time resting spent in this place.
 E = Time spent auto-exploring this place.
 F = Levels seen in this place.
 G = Mean time per level.
                   A        B        C        D        E       F      G
               +--------+--------+--------+--------+--------+-----+--------+
         Total |   3599 |   3174 |    425 |    390 |   2033 |   5 |  719.8 |
       Dungeon |   3599 |   3174 |    425 |    390 |   2033 |   5 |  719.8 |
               +--------+--------+--------+--------+--------+-----+--------+

Top non-repeatable levels by time:
     D:4: 1258 daAuts
     D:2: 850 daAuts
     D:3: 570 daAuts
     D:1: 551 daAuts
     D:5: 369 daAuts
